 Dungeon Crawl Stone Soup version 0.18.1-48-g4cf74bf (webtiles) character file.

3204 Gargoyl the Protected (level 9, 0/71 HPs)
             Began as a Demonspawn Abyssal Knight on Aug 9, 2016.
             Was a High Priest of Lugonu.
             Slain by Erolcha
             ... wielding a cursed +0 giant spiked club
              (9 damage)
             ... on level 7 of the Dungeon.
             The game lasted 00:20:37 (9867 turns).

Gargoyl the Protected (Demonspawn Abyssal Knight)   Turns: 9867, Time: 00:20:37

Health: 0/71       AC: 16    Str: 15    XL:     9   Next: 65%
Magic:  11/11      EV:  6    Int: 13    God:    Lugonu [*****.]
Gold:   468        SH:  2    Dex: 12    Spells: 0 memorised, 8 levels left

rFire  . . .     SeeInvis .     x - +2 hand axe (venom)
rCold  . . .     Gourm    .     t - +0 plate armour
rNeg   . . .     Faith    .     (no shield)
rPois  .         Spirit   .     (helmet restricted)
rElec  .         Dismiss  .     (no cloak)
rCorr  .         Reflect  .     (no gloves)
SustAt .         Harm     .     (no boots)
MR     ++++.                    (no amulet)
Stlth  ..........               w - ring of protection from magic
                                d - ring of protection from magic

@: incredibly resistant to hostile enchantments, extremely unstealthy
A: antennae 1, large bone plates 1, magic resistance 2, screaming 1, weak 1, rot
immunity
a: Depart the Abyss, Bend Space, Banish, Corrupt, Enter the Abyss, Renounce
Religion


You were on level 7 of the Dungeon.
You worshipped Lugonu.
Lugonu was extremely pleased with you.
You were not hungry.

You visited 1 branch of the dungeon, and saw 8 of its levels.
You visited the Abyss 1 time.
You also visited: Ossuary.

You collected 468 gold pieces.

Inventory:

Hand Weapons
 u - a +0 war axe
 x - a +2 hand axe of venom (weapon)
Missiles
 b - 5 tomahawks
 i - 2 javelins (quivered)
 s - 13 curare-tipped needles
Armour
 t - a +0 plate armour (worn)
Jewellery
 d - a ring of protection from magic (left hand)
 o - an uncursed ring of flight
 w - a ring of protection from magic (right hand)
Wands
 e - a wand of iceblast (7/15)
 g - a wand of iceblast (15/15)
 h - a wand of confusion (19/48)
 k - a wand of confusion (30/48)
 y - a wand of flame (21/48)
 A - a wand of flame (10/48)
 G - a wand of teleportation (5/9)
Scrolls
 l - a scroll of blinking
 m - 2 scrolls of fear
 r - 5 scrolls of amnesia
 B - 2 scrolls of teleportation
 C - 4 scrolls of identify
 D - a scroll of random uselessness {unknown}
 F - 4 scrolls of remove curse
Potions
 a - 3 potions of curing
 f - 2 potions of haste
 p - a potion of flight
 q - 3 potions of cancellation
 v - a potion of invisibility
 E - a potion of brilliance {unknown}
 H - 4 potions of agility
 I - a potion of ambrosia {unknown}
Books
 c - a book of the Sky

   Spells                             Type                      Level
   a - Summon Lightning Spire         Summoning/Air                4
   b - Airstrike                      Air                          4
   c - Silence                        Hexes/Air                    5
   d - Deflect Missiles               Charms/Air                   6
   e - Conjure Ball Lightning         Conjuration/Air              6
   f - Tornado                        Air                          9
Comestibles
 j - 6 bread rations
 n - 3 chunks of flesh
 z - a slice of pizza


   Skills:
 + Level 6.7 Fighting
 + Level 5.6 Axes
 * Level 9.1 Armour
 + Level 3.7 Dodging
 + Level 0.6 Stealth
 + Level 3.1 Invocations


You had 8 spell levels left.
You didn't know any spells.

Dungeon Overview and Level Annotations

Branches:
Dungeon (8/15)             Temple (0/1) D:6
   Lair: D:8-11

Altars:
Ashenzari
Cheibriados
Dithmenos
Fedhas
Gozag
Kikubaaqudgha
Nemelex Xobeh
Okawaru
Qazlal
Ru
Vehumet
Yredelemnul
Zin
The Shining One

Shops:
D:6 [

Annotations:
D:3 ender666's ghost, amateur GrFi
D:7 Erolcha


Innate Abilities, Weirdness & Mutations

You have a pair of small antennae on your head.
You are partially covered in large bone plates (AC +2, SH +2).
You are immune to rotting.
You are highly resistant to hostile enchantments.
You occasionally shout uncontrollably at your foes.
You are weak. (Str -2)


Message History

The centaur shoots an arrow.
The arrow hits you.
Unknown command.
The centaur shoots an arrow.
You block the arrow.
The centaur shoots an arrow.
The arrow hits you but does no damage. Erolcha barely misses you.
You hear a shout!
You climb upwards.
There is a stone staircase leading down, spattered with blood here.
Your plate armour prevents you from hitting Erolcha.
Erolcha hits you with a giant spiked club!
You hit Erolcha.
Erolcha is poisoned.
Erolcha is lightly wounded.
Erolcha gestures at you while chanting. The crystal spear hits you!
Ouch! That really hurt!
* * * LOW HITPOINT WARNING * * *
You hit Erolcha.
Erolcha is lightly wounded.
Erolcha hits you with a giant spiked club!
You die...

.#####.####..##...###.....#
.....#.####..###'#######'##
.....#...................#
.....#...................#
.....'.........#.#.#.#.#.##
.....#....................#
.....#.........#.#.#.#.#.##
.....###.####..[..........#
##.....######'##@#.#.#.#.##
.#.....#........)O........#
(#.....#.......#.#.#.#.#.##
.#.....#..................#
.#.....#.......#.#.#.#.#.##
(+.....#........[.........#
.#.....##'######.#.#.#.#.##
.##'#................#...#
....#................'...#


You could see Erolcha.

Vanquished Creatures
  A human (D:3)
  A spriggan (D:7)
  A wyvern (D:7)
  A sky beast (D:7)
  4 ice beasts
  2 orc warriors
  A necrophage (D:6)
  An ogre (D:5)
  A phantom (D:4)
  2 centaurs (D:6)
  A big kobold (D:7)
  A giant frog (D:7)
  2 scorpions (D:6)
  9 howler monkeys
  4 crimson imps
  A giant frog zombie (D:6)
  A giant frog skeleton (D:6)
  3 orc priests
  2 hounds
  10 orc wizards
  3 iguanas
  3 worker ants
  4 mummies (Ossuary)
  A worker ant zombie (D:8)
  10 adders
  A shadow imp (D:7)
  3 adder zombies
  2 worms
  A dart slug (D:1)
  3 giant geckos
  21 orcs
  9 bats
  3 giant cockroaches
  4 goblins
  5 hobgoblins
  13 kobolds
  7 quokkas
  4 ball pythons
  A giant gecko skeleton (D:4)
  7 giant newts
  A gnoll zombie (Ossuary)
  2 goblin skeletons (D:5)
  3 hobgoblin zombies
  A jackal skeleton (D:4)
  3 jackal zombies (Ossuary)
  2 kobold skeletons
  4 kobold zombies
  An orc skeleton (D:5)
  2 orc zombies
  6 rats
  2 rat zombies (Ossuary)
181 creatures vanquished.

Vanquished Creatures (others)
  A wyvern (D:3)
  An adder (D:3)
  An ooze (D:3)
3 creatures vanquished.

Grand Total: 184 creatures vanquished

Notes
Turn   | Place    | Note
--------------------------------------------------------------
     0 | Abyss:1  | Gargoyl the Demonspawn Abyssal Knight began the quest for the Orb.
     0 | Abyss:1  | Reached XP level 1. HP: 18/18 MP: 2/2
    46 | Abyss:2  | Noticed a hungry ghost
    73 | Abyss:2  | Noticed a quicksilver dragon skeleton
    77 | Abyss:2  | Noticed a starcursed mass
    79 | Abyss:2  | Noticed an apocalypse crab
    83 | D:1      | Escaped the Abyss
   326 | D:1      | Reached skill level 1 in Dodging
   596 | D:1      | Gained mutation: You are partially covered in large bone plates (AC +2, SH +2). [demonic ancestry]
   596 | D:1      | Reached XP level 2. HP: 17/24 MP: 3/3
   841 | D:1      | Reached * piety under Lugonu
  1105 | D:2      | Found a sparkling altar of Nemelex Xobeh.
  1115 | D:2      | Found an iron altar of Okawaru.
  1164 | D:2      | Found a sacrificial altar of Ru.
  1184 | D:2      | Reached skill level 2 in Armour
  1184 | D:2      | Reached XP level 3. HP: 21/30 MP: 5/5
  1204 | D:2      | Gained mutation: You are resistant to hostile enchantments. [potion of mutation]
  1204 | D:2      | Gained mutation: You occasionally shout uncontrollably at your foes. [potion of mutation]
  1204 | D:2      | Gained mutation: You are weak. (Str -2) [potion of mutation]
  1492 | D:2      | Reached XP level 4. HP: 27/37 MP: 6/6
  2055 | D:2      | Found a faded altar to an unknown god.
  2062 | D:2      | Found a shattered altar of Ashenzari.
  2071 | D:2      | Found an opulent altar of Gozag.
  2798 | D:3      | Noticed a human
  2799 | D:3      | Found a runed door.
  2803 | D:3      | Found a basalt altar of Yredelemnul.
  2817 | D:3      | Reached ** piety under Lugonu
  3079 | D:3      | Found a glowing silver altar of Zin.
  3081 | D:3      | Found a stormy altar of Qazlal.
  3130 | D:3      | Killed a wyvern
  3281 | D:3      | Reached XP level 5. HP: 42/42 MP: 7/7
  3333 | D:3      | Reached skill level 3 in Armour
  3341 | D:3      | Noticed ender666's ghost (amateur GrFi)
  3370 | D:3      | HP: 1/42 [ender666's ghost (2)]
  3943 | D:3      | Killed a human
  3943 | D:3      | Reached skill level 4 in Armour
  3943 | D:3      | Gained mutation: You have a pair of small antennae on your head. [demonic ancestry]
  3943 | D:3      | Reached XP level 6. HP: 43/48 MP: 8/8
  4056 | D:3      | Gained mutation: You are highly resistant to hostile enchantments. [potion of beneficial mutation]
  4180 | D:4      | Found a snail-covered altar of Cheibriados.
  4695 | D:5      | Entered Level 5 of the Dungeon
  4705 | D:4      | Gained mutation: You are immune to rotting. [demonic ancestry]
  4705 | D:4      | Reached XP level 7. HP: 39/55 MP: 9/9
  4922 | D:4      | Reached skill level 5 in Armour
  5398 | D:5      | Found a radiant altar of Vehumet.
  5405 | D:5      | Reached skill level 5 in Fighting
  5490 | D:5      | Found a glowing golden altar of the Shining One.
  5499 | D:5      | Reached *** piety under Lugonu
  5583 | D:5      | Found an ancient bone altar of Kikubaaqudgha.
  5637 | D:5      | Found a basalt altar of Yredelemnul.
  5735 | D:5      | Got a fine whip
  5759 | D:5      | Identified the +1 whip of Disharmony {venom, rF++} (You found it on level 5 of the Dungeon)
  5829 | D:5      | Found a shadowy altar of Dithmenos.
  5959 | D:5      | Reached XP level 8. HP: 46/62 MP: 10/10
  6025 | D:6      | Reached skill level 6 in Armour
  6071 | D:6      | Found Qiepy's Antique Armour Boutique.
  6097 | D:6      | Found a blossoming altar of Fedhas.
  6474 | D:6      | Found a staircase to the Ecumenical Temple.
  6667 | D:6      | Reached skill level 7 in Armour
  7138 | D:7      | Found a sand-covered staircase.
  7147 | Ossuary  | Entered an ossuary
  7154 | Ossuary  | Reached **** piety under Lugonu
  7918 | D:6      | Reached skill level 5 in Axes
  8352 | D:7      | Reached XP level 9. HP: 59/69 MP: 11/11
  8589 | D:7      | Reached skill level 8 in Armour
  9329 | D:8      | Noticed Erolcha
  9602 | D:7      | Reached ***** piety under Lugonu
  9612 | D:7      | Reached skill level 9 in Armour
  9867 | D:7      | Slain by Erolcha

Skill      XL: |  1  2  3  4  5  6  7  8  9 |
---------------+----------------------------+-----
Dodging        | 1 2 3 |  3.7
Axes           | 2 3 4 5 |  5.6
Armour         | 2 4 5 7 9 |  9.1
Invocations    | 3 |  3.1
Fighting       | 4 5 6 |  6.7
Stealth        | |  0.6

Action                   |  1- 3 |  4- 6 |  7- 9 || total
-------------------------+-------+-------+-------++-------
Melee: Hand axe          |    87 |   198 |   474 ||   759
       War axe           |       |    11 |       ||    11
Throw: Javelin           |     1 |     1 |       ||     2
Invok: Depart the Abyss  |     1 |       |       ||     1
  Use: Potion            |     5 |     4 |     5 ||    14
       Scroll            |       |     9 |     9 ||    18
 Stab: Paralysed         |     1 |       |       ||     1
  Eat: Chunk             |     2 |     6 |    13 ||    21
       Beef jerky        |       |     1 |       ||     1
       Bread ration      |       |     1 |       ||     1
       Fruit             |       |       |     4 ||     4
Armor: Leather armour    |     2 |       |       ||     2
       Chain mail        |    63 |   157 |   226 ||   446
       Plate armour      |       |       |   184 ||   184
Dodge: Dodged            |    20 |    55 |   168 ||   243
Block: Other             |    13 |    17 |    42 ||    72
